 Dungeon Crawl Stone Soup version 0.27-a0-1147-gb3d8e82157 (webtiles) character file.

Game seed: 1530574378650358005

25 Snikeer the Vexing (level 3, 10/28 HPs)
             Began as a Gnoll Arcane Marksman on May 11, 2021.
             Quit the game on level 1 of the Dungeon.
             The game lasted 00:01:38 (726 turns).

Snikeer the Vexing (Gnoll Arcane Marksman)           Turns: 726, Time: 00:01:39

Health: 10/28      AC:  3    Str:  9    XL:     3   Next: 4%
Magic:  7/7        EV: 13    Int: 12    God:
Gold:   19         SH:  0    Dex: 13    Spells: 6/7 levels left

rFire    . . .     SeeInvis .   a - +0 hunting sling
rCold    . . .     Faith    .   (no shield)
rNeg     . . .     Spirit   .   e - +0 robe
rPois    .         Reflect  .   (no helmet)
rElec    .         Harm     .   (no cloak)
rCorr    .         Rampage  .   c - +0 pair of gloves
Will     .....                  (no boots)
Stlth    +.........             (no amulet)
HPRegen  0.09/turn              (no ring)
MPRegen  0.10/turn              (no ring)

@: no status effects
A: fangs 1, strong nose, distributed training
a: no special abilities


You were on level 1 of the Dungeon.
You visited 1 branch of the dungeon, and saw 1 of its levels.

You collected 19 gold pieces.

Inventory:

Hand Weapons
 a - a +0 hunting sling (weapon)
 b - a +0 dagger
   (You took it off a kobold on level 1 of the Dungeon)
Missiles
 d - 14 sling bullets (quivered ammo)
Armour
 c - a +0 pair of gloves (worn)
   (You found it on level 1 of the Dungeon)
 e - a +0 robe (worn)
Scrolls
 g - a scroll of vulnerability {unknown}
Potions
 f - a potion of curing {unknown}


   Skills:
 + Level 2.5 Fighting
 + Level 0.5 Short Blades
 + Level 0.5 Long Blades
 + Level 0.5 Axes
 + Level 0.5 Maces & Flails
 + Level 0.5 Polearms
 + Level 0.5 Staves
 + Level 4.5 Slings
 + Level 0.5 Bows
 + Level 0.5 Crossbows
 + Level 0.5 Throwing
 + Level 0.5 Armour
 + Level 4.5 Dodging
 + Level 0.5 Stealth
 + Level 0.5 Shields
 + Level 0.5 Unarmed Combat
 + Level 2.7 Spellcasting
 + Level 0.4 Conjurations
 + Level 5.4 Hexes
 + Level 0.4 Summonings
 + Level 0.4 Necromancy
 + Level 0.4 Translocations
 + Level 0.4 Transmutations
 + Level 0.4 Fire Magic
 + Level 0.4 Ice Magic
 + Level 0.4 Air Magic
 + Level 0.4 Earth Magic
 + Level 0.4 Poison Magic
 + Level 0.7 Invocations
 + Level 0.5 Evocations


You had 6 spell levels left.
You knew the following spells:

 Your Spells              Type           Power      Damage    Failure   Level
v - Corona                Hex            15%        N/A       2%          1

Your spell library contained the following spells:

 Spells                   Type           Power      Damage    Failure   Level
 Slow                     Hex            14%        N/A       4%          2
 Inner Flame              Hex/Fire       8%         N/A       22%         3
 Portal Projectile        Hex/Tloc       16%        N/A       22%         3
 Cause Fear               Hex            7%         N/A       26%         4
 Leda's Liquefaction      Hex/Erth       4%         N/A       58%         4


Dungeon Overview and Level Annotations

Branches:
Dungeon (1/15)

Altars:


Innate Abilities, Weirdness & Mutations

You have very sharp teeth.
Your uncanny sense of smell can sniff out nearby items.
Your experience applies equally to all skills.


Message History

b - a +0 dagger (weapon)
You completely miss the endoplasm. The endoplasm hits you.
* * * LOW HITPOINT WARNING * * *
You hit the endoplasm.
a - a +0 hunting sling (weapon)
HP restored.
You see here a +0 whip.
A bat is nearby!
Health restored: 23
b - a +0 dagger (weapon)
The bat misses you. The bat barely misses you. The bat barely misses you.
The bat hits you but does no damage. x2
The bat closely misses you.
You closely miss the bat. The bat closely misses you.
The bat hits you but does no damage.
You hit the bat. The bat barely misses you.
You hit the bat.
No target in view!
No target in view!
No target in view!
f - a purple potion You now have 19 gold pieces (gained 6).
A dart slug comes into view.
The dart slug launches a dart at you. The slug dart hits you.
A dart slug is nearby!
You take 2 damage, and have 21/23 hp.
A dart slug is nearby!
A dart slug is nearby!
a - a +0 hunting sling (weapon)
No other quiver actions available for cycling.
Use Q to select from all actions.
No other quiver actions available for cycling.
Use Q to select from all actions.
No other quiver actions available for cycling.
Use Q to select from all actions.
No other quiver actions available for cycling.
Use Q to select from all actions.
Unknown command.
You shoot a sling bullet.
The sling bullet hits the dart slug but does no damage.
You shoot a sling bullet.
The sling bullet hits the dart slug but does no damage.
The dart slug launches a dart at you. The slug dart hits you.
You take 4 damage, and have 18/23 hp.
b - a +0 dagger (weapon)
You hit the dart slug. The dart slug bites you.
You take 1 damage, and have 17/23 hp.
You hit the dart slug but do no damage.
The dart slug bites you but does no damage.
You hit the dart slug. You hit the dart slug.
You bite the dart slug, but do no damage.
The dart slug bites you but does no damage.
You hit the dart slug. The dart slug barely misses you.
You hit the dart slug. You hit the dart slug.
No target in view!
No target in view!
No target in view!
a - a +0 hunting sling (weapon)
You see here a dart slug corpse.
d - 18 sling bullets (gained 1)
g - a scroll labelled KIFRIWN ZUONG Health restored: 23 A hobgoblin comes into view.
A hobgoblin is nearby!
You shoot a sling bullet. The sling bullet hits the hobgoblin.
A gnoll comes into view. It is wielding a +0 spear.
The gnoll shouts!
b - a +0 dagger (weapon)
The gnoll hits you from afar with a +0 spear.
You take 6 damage, and have 17/23 hp.
MASSIVE DAMAGE!!
a - a +0 hunting sling (weapon)
You shoot a sling bullet.
The sling bullet hits the gnoll but does no damage.
The gnoll hits you from afar with a +0 spear.
You take 5 damage, and have 13/23 hp.
MASSIVE DAMAGE!!
You are too injured to fight recklessly!
You are too injured to fight recklessly!
You are too injured to fight recklessly!
You are too injured to fight recklessly!
You are too injured to fight recklessly!
You are too injured to fight recklessly!
Fire: 16 sling bullets
Press: ? - help, Q - select action Shift-Dir - straight line, f/p - gnoll
Aim: a gnoll, wielding a +0 spear (64% to hit)
You shoot a sling bullet. The sling bullet hits the gnoll.
The gnoll hits you from afar with a +0 spear.
You take 5 damage, and have 8/23 hp.
MASSIVE DAMAGE!!
Fire: 15 sling bullets
Press: ? - help, Q - select action Shift-Dir - straight line, f/p - gnoll
Aim: a gnoll, wielding a +0 spear (heavily wounded, 64% to hit)
You shoot a sling bullet. The sling bullet hits the gnoll!
You have reached level 3!
Your experience leads to an increase in your attributes!
Increase (s)trength, (i)ntelligence, or (d)exterity?
You feel agile.
You regained 2 hp, and now have 10/28 hp.
MP restored: 7 Are you sure you want to abandon this character and quit the game? (Confirm with "yes".)

.#########...#### #.
................. #.
#####...##.###### #.####
#...##†## #....#
#...##..# #....#
#...###.# #..[.# ###...#
#.##
#....######.....###..####
#.....).@................
#.#.#######....#####..#..
.....# ###### #.....
#.....# #..... #.....#
#.#... #.....# #.#...
#.....# #..... #......
####.# #####..


There were no monsters in sight!

Vanquished Creatures
  A gnoll (D:1)
  A dart slug (D:1)
  An endoplasm (D:1)
  A giant cockroach (D:1)
  2 hobgoblins (D:1)
  2 ball pythons (D:1)
  2 bats (D:1)
  3 kobolds (D:1)
  A rat (D:1)
14 creatures vanquished.

Notes
Turn   | Place    | Note
-------+----------+-------------------------------------------
     0 | D:1      | Snikeer the Gnoll Arcane Marksman began the quest for the
                  | Orb.
     0 | D:1      | Reached XP level 1. HP: 17/17 MP: 4/4
   213 | D:1      | HP: 3/17 [hobgoblin (2)]
   218 | D:1      | Reached XP level 2. HP: 5/23 MP: 5/5
   218 | D:1      | HP: 3/23 [ball python (2)]
   245 | D:1      | HP: 4/23 [endoplasm (1)]
   726 | D:1      | Reached XP level 3. HP: 10/28 MP: 7/7
   726 | D:1      | Quit the game

Illustrated notes

Levels and vault maps discovered:
D:1:      wander_arrival_lonely_grave, layout_basic

Action                   || total
-------------------------++-------
Melee: Dagger            ||    76
       Bite              ||     5
 Fire: Hunting sling     ||     8
Armor: Robe              ||    26
Dodge: Dodged            ||    51

Table legend: (Time is in decaauts)
 A = Elapsed time spent in this place.
 B = Non-inter-level travel time spent in this place.
 C = Inter-level travel time spent in this place.
 D = Time resting spent in this place.
 E = Time spent auto-exploring this place.
 F = Levels seen in this place.
 G = Mean time per level.
                   A        B        C        D        E       F      G
               +--------+--------+--------+--------+--------+-----+--------+
         Total |    719 |    719 |      0 |      0 |    539 |   1 |  719.0 |
       Dungeon |    719 |    719 |      0 |      0 |    539 |   1 |  719.0 |
               +--------+--------+--------+--------+--------+-----+--------+

Top non-repeatable levels by time:
     D:1: 719 daAuts

Table legend:
 A = Kills in this place as a percentage of kills in entire the game.
 B = Kills by you in this place as a percentage of kills by you in the entire game.
 C = Kills by friends in this place as a percentage of kills by friends in the entire game.
 D = Other kills in this place as a percentage of other kills in the entire game.
 E = Experience gained in this place as a percentage of experience gained in the entire game.
 F = Experience gained in this place divided by the number of levels of this place that you have seen.
                   A       B       C       D       E      F
               +-------+-------+-------+-------+-------+----------------------
         Total | 100.0 | 100.0 |   N/A |   N/A | 100.0 |  36.0
       Dungeon | 100.0 | 100.0 |   N/A |   N/A | 100.0 |  36.0
               +-------+-------+-------+-------+-------+----------------------
